 Dungeon Crawl Stone Soup version 0.30-a0-21-g5d08c37080 (webtiles) character file.

Game seed: 12395276699073116466

8 Nedwor the Cutter (level 2, 10/22 HPs)
             Began as a Demonspawn Gladiator on Aug 24, 2022.
             Quit the game on level 1 of the Dungeon.
             The game lasted 00:00:49 (132 turns).

Nedwor the Cutter (Demonspawn Gladiator)             Turns: 132, Time: 00:00:50

Health: 10/22      AC:  4    Str: 14    XL:     2   Next: 0%
Magic:  2/2        EV: 12    Int:  9    God:
Gold:   31         SH:  0    Dex: 14    Spells: 1/1 levels left

rFire   . . .      SeeInvis .    a - +0 rapier
rCold   . . .      Faith    .    (no shield)
rNeg    . . .      Spirit   .    b - +0 leather armour
rPois   .          Reflect  .    c - +0 helmet
rElec   .          Harm     .    (no cloak)
rCorr   .          Rampage  .    (no gloves)
Will    .....                    (no boots)
Stlth   +.........               (no amulet)
HPRegen 0.07/turn                (no ring)
MPRegen 0.08/turn                (no ring)

@: no status effects
A: weakness stinger 1
a: no special abilities


You were on level 1 of the Dungeon.
You visited 1 branch of the dungeon, and saw 1 of its levels.

You collected 31 gold pieces.

Inventory:

Hand Weapons
 a - a +0 rapier (weapon)
Missiles
 d - 3 throwing nets (quivered)
 e - a javelin
Armour
 b - a +0 leather armour (worn)
 c - a +0 helmet (worn)
Scrolls
 g - a scroll of noise {unknown}
Potions
 f - 2 potions of curing {unknown}


   Skills:
 + Level 2.1 Fighting
 * Level 2.9 Short Blades
 - Level 1.7 Throwing
 + Level 0.3 Armour
 + Level 2.8 Dodging


You had one spell level left.
You didn't know any spells.
Your spell library was empty.

Dungeon Overview and Level Annotations

Branches:
Dungeon (1/15)

Altars:


Innate Abilities, Weirdness & Mutations

You have a small tail.


Message History

The jackal misses you.
You barely miss the jackal.
The jackal is almost dead.
The jackal completely misses you.
The jackal bites you but does no damage.
You barely miss the jackal.
The jackal is almost dead.
The jackal closely misses you.
The jackal bites you but does no damage.
A hobgoblin comes into view.
The jackal misses you. The jackal barely misses you.
You closely miss the jackal.
The jackal is almost dead.
The jackal bites you but does no damage. x2
You hit the jackal.
You kill the jackal!
The jackal closely misses you. The jackal misses you.
You completely miss the jackal.
The jackal bites you but does no damage.
You hit the jackal.
The jackal is heavily wounded.
The jackal barely misses you. x2
You hit the jackal.
The jackal is almost dead.
The jackal barely misses you.
You hit the jackal.
You kill the jackal!
You have reached level 2!
You feel monstrous as your demonic heritage exerts itself.
Your demonic ancestry asserts itself...
You grow a small tail.
You start resting.
A hobgoblin is nearby!
A hobgoblin is nearby!
You are too injured to fight recklessly!
You are too injured to fight recklessly!
You are too injured to fight recklessly!
You are too injured to fight recklessly!
You are too injured to fight recklessly!
Are you sure you want to abandon this character and quit the game? (Confirm with "yes".)

#.........[.#
##...........####+#+#
.....................
.....................
.......####..........
........###..........
.......?.............
....##g##.##########
# #@†.#.# #....._...#
#...#.[.#.#
#.#.##.##.# # #
.....# ...#### ###


You could see a hobgoblin (wandering).

Vanquished Creatures
  A bat (D:1)
  A giant cockroach (D:1)
  4 jackals (D:1)
6 creatures vanquished.

Notes
Turn   | Place    | Note
-------+----------+-------------------------------------------
     0 | D:1      | Nedwor the Demonspawn Gladiator began the quest for the
                  | Orb.
     0 | D:1      | Reached XP level 1. HP: 16/16 MP: 1/1
   105 | D:1      | Found a faded altar of an unknown god.
   127 | D:1      | Discovered your monstrous ancestry.
   127 | D:1      | Gained mutation: You have a small tail. [demonic ancestry]
   127 | D:1      | Reached XP level 2. HP: 10/22 MP: 2/2
   132 | D:1      | Quit the game

Illustrated notes

Levels and vault maps discovered:
D:1:      nzn_arrival_depleted_hourglass, layout_basic,
          ebering_ecumenical_altar_box

Action                   || total
-------------------------++-------
Melee: Rapier            ||    28
       Punch             ||     1
Armor: Leather armour    ||    17
Dodge: Dodged            ||    26

Table legend: (Time is in decaauts)
 A = Elapsed time spent in this place.
 B = Non-inter-level travel time spent in this place.
 C = Inter-level travel time spent in this place.
 D = Time resting spent in this place.
 E = Time spent auto-exploring this place.
 F = Levels seen in this place.
 G = Mean time per level.
                   A        B        C        D        E       F      G
               +--------+--------+--------+--------+--------+-----+--------+
         Total |    134 |    134 |      0 |      5 |     85 |   1 |  134.0 |
       Dungeon |    134 |    134 |      0 |      5 |     85 |   1 |  134.0 |
               +--------+--------+--------+--------+--------+-----+--------+

Top non-repeatable levels by time:
     D:1: 134 daAuts
